 Dungeon Crawl Stone Soup version 0.31-a0-325-g067879e3d3 (webtiles) character file.

Game seed: 10031654134050032620

105 AIAndy the Changeling (level 4, -5/29 HPs)
             Began as an Octopode Shapeshifter on July 18, 2023.
             Slain by a gnoll bouda
             ... wielding a +0 club
              (9 damage)
             ... on level 3 of the Dungeon.
             The game lasted 00:05:07 (1771 turns).

AIAndy the Changeling (Octopode Shapeshifter)       Turns: 1771, Time: 00:05:09

Health: -5/29      AC:  1    Str: 16    XL:     4   Next: 81%
Magic:  4/4        EV: 13    Int: 10    God:
Gold:   113        SH:  0    Dex: 12    Spells: 3/3 levels left

rFire   . .          .
                       - Unarmed
rCold   . . .        (no shield)
rNeg    . . .        (helmet currently unavailable)
rPois   .            (no amulet)
rElec   .            e - ring of willpower
rCorr   .            (no ring)
SInv    .            (no ring)
Will    +....        (no ring)
Stlth   ++           (no ring)
HPRegen 0.24/turn    (no ring)
MPRegen 0.09/turn    (no ring)
                     (no ring)

%: no passive effects
@: beast-form, weakened
A: beast (slay +2), almost no armour, amphibious, 8 rings, camouflage 1,
gelatinous body 1, (nimble swimmer 1), tentacles
a: Begin Untransformation


You were on level 3 of the Dungeon.
You were a hulking beast.
You visited 1 branch of the dungeon, and saw 3 of its levels.

You collected 113 gold pieces.


Innate Abilities, Weirdness & Mutations

You are a hulking beast.
Your limbs bulge with bestial killing power. (Slay +2)
You cannot wear most types of armour.
You are amphibious.
You can wear up to eight rings at the same time.
Your skin changes colour to match your surroundings (Stealth+).
Your rubbery body absorbs attacks. (AC +1, EV +1)
((You are camouflaged when in or above water. (Stealth+)))
You have tentacles for arms and can constrict up to eight enemies at once.


   Skills:
 - Level 2.0 Fighting
 - Level 2.0 Dodging
 + Level 3.6 Unarmed Combat
 + Level 4.0 Shapeshifting


You had 3 spell levels left.
You didn't know any spells.
Your spell library was empty.

Inventory:

Missiles
 k - 4 boomerangs
Jewellery
 e - a ring of willpower (left tentacle)
Talismans
 b - a beast talisman
Scrolls
 c - 4 scrolls of identify {unknown}
 d - 2 scrolls of teleportation {unknown}
 g - a scroll of fog {unknown}
 h - a scroll of silence {unknown}
Potions
 a - a potion of lignification {!q}
 f - a potion of haste {unknown}
 i - a potion of ambrosia {unknown}
 j - 2 potions of mutation {unknown}

Dungeon Overview and Level Annotations

Branches:
Dungeon (3/15)

Altars:

........
........†.....g....(....
......#.
...#####....g..#........
...#.##
#..........######
...#... #.#####.##.# #
...# ### ##### #.#
#..<.# # ...# #####...#
#.# ###### #
...####...#...# #.# #
...^......#...###g# #
#######...#(..#.h.# #
#.......#.####### #
#...#))##........ #
#...##.)..####### #
#########.# # #.# # #..
# ##.. # ##. #


You could see a gnoll bouda.


Message History

The gnoll bouda gazes fiercely through you!
You feel your attacks grow feeble.
You tentacle-slap the gnoll.
You squeeze the gnoll, but do no damage.
The gnoll is almost dead.
You constrict the gnoll.
You kill the gnoll!
Your Shapeshifting skill increases to level 4!
You barely miss the gnoll bouda. Your grab misses the gnoll bouda.
The gnoll bouda hits you but does no damage.
You tentacle-slap the gnoll bouda. You grab the gnoll bouda.
You squeeze the gnoll bouda.
The gnoll bouda is lightly wounded.
You constrict the gnoll bouda. The gnoll bouda barely misses you.
You tentacle-slap the gnoll bouda but do no damage.
You squeeze the gnoll bouda.
The gnoll bouda is lightly wounded.
You constrict the gnoll bouda, but do no damage.
You tentacle-slap the gnoll bouda.
The gnoll bouda is moderately wounded.
You constrict the gnoll bouda.
The gnoll bouda hits you with a +0 club!
* * * LOW HITPOINT WARNING * * *
You completely miss the gnoll bouda.
The gnoll bouda is moderately wounded.
You constrict the gnoll bouda.
The gnoll bouda gazes fiercely through you!
You feel as though you will be weak longer.
The gnoll bouda hits you with a +0 club!
You die...

Skill      XL: |  1  2  3  4 |
---------------+-------------+-----
Unarmed Combat | 3 |  3.6
Shapeshifting  | 4 |  4.0
Fighting       | |  2.0
Dodging        | |  2.0

Action                     |  1- 3 |  4- 6 || total
---------------------------+-------+-------++-------
  Melee: Unarmed           |    73 |    23 ||    96
         Constrict         |    15 |     7 ||    22
         Tentacles         |    12 |     5 ||    17
         Punch             |     2 |     3 ||     5
   Stab: Sleeping          |     8 |       ||     8
 Armour: Skin              |     3 |     1 ||     4
  Dodge: Dodged            |    31 |     5 ||    36

Levels and vault maps discovered:
D:1:      tarquinn_simple_flora_water_b, layout_loops_ring
D:2:      layout_basic
D:3:      layout_basic, kennysheep_generic_room_5, uniq_sigmund, uniq_robin

Notes
Turn   | Place    | Note
-------+----------+-------------------------------------------
     0 | D:1      | AIAndy the Octopode Shapeshifter began the quest for the
                  | Orb.
     0 | D:1      | Reached XP level 1. HP: 14/14 MP: 1/1
   230 | D:1      | Reached XP level 2. HP: 19/19 MP: 2/2
   963 | D:2      | Reached XP level 3. HP: 23/24 MP: 3/3
  1140 | D:2      | Reached skill level 3 in Unarmed Combat
  1494 | D:3      | Noticed Robin
  1503 | D:3      | Reached XP level 4. HP: 21/29 MP: 4/4
  1504 | D:3      | Killed Robin
  1767 | D:3      | Reached skill level 4 in Shapeshifting
  1771 | D:3      | Slain by a gnoll bouda

Vanquished Creatures
  Robin (D:3)
  3 gnolls (D:3)
  An adder (D:2)
  A worm (D:3)
  A dart slug (D:2)
  A bat (D:1)
  4 endoplasms
  2 giant cockroaches (D:2)
  11 goblins
  7 hobgoblins
  2 jackals (D:2)
  6 kobolds
  3 ball pythons
  A frilled lizard (D:2)
  7 rats
51 creatures vanquished.

Table legend: (Time is in decaauts)
 A = Elapsed time spent in this place.
 B = Non-inter-level travel time spent in this place.
 C = Inter-level travel time spent in this place.
 D = Time resting spent in this place.
 E = Time spent auto-exploring this place.
 F = Levels seen in this place.
 G = Mean time per level.
                   A        B        C        D        E       F      G
               +--------+--------+--------+--------+--------+-----+--------+
         Total |   1764 |   1670 |     94 |      0 |   1324 |   3 |  588.0 |
       Dungeon |   1764 |   1670 |     94 |      0 |   1324 |   3 |  588.0 |
               +--------+--------+--------+--------+--------+-----+--------+

Top non-repeatable levels by time:
     D:1: 742 daAuts
     D:2: 706 daAuts
     D:3: 315 daAuts

Table legend:
 A = Non-vault XP
 B = Vault XP
 C = Vault XP percentage of total XP
 D = Non-vault monster count
 E = Vault monster count
 F = Vault count percentage of total count
                 A         B        C        D         E       F
            +---------+---------+-------+---------+---------+-------
      Total |     121 |      29 |  19.3 |      42 |       9 |  17.6
            +---------+---------+-------+---------+---------+-------
        D:1 |      24 |       0 |   0.0 |      14 |       0 |   0.0
        D:2 |      44 |       0 |   0.0 |      20 |       0 |   0.0
        D:3 |      53 |      29 |  35.4 |       8 |       9 |  52.9
            +---------+---------+-------+---------+---------+-------
